 Dungeon Crawl Stone Soup version 0.20.0-10-g0535bb4 (webtiles) character file.

336 Manul the Sneak (level 6, -1/64 HPs)
             Began as an Octopode Abyssal Knight on June 5, 2017.
             Was a Priest of Lugonu.
             Slain by Grinder (9 damage)
             ... while paralysed by Grinder
             ... on level 4 of the Dungeon.
             The game lasted 00:04:03 (3831 turns).

Manul the Sneak (Octopode Abyssal Knight)           Turns: 3831, Time: 00:04:03

Health: -1/64      AC:  1    Str: 16    XL:     6   Next: 54%
Magic:  7/7        EV:  2    Int: 15    God:    Lugonu [***...]
Gold:   165        SH:  0    Dex: 13    Spells: 5/5 levels left

rFire    . . .     SeeInvis .   a - +2 short sword
rCold    . . .     Gourm    .   (no shield)
rNeg     . . .     Faith    .   (helmet restricted)
rPois    .         Spirit   .   i - amulet of rage
rElec    .         Reflect  .   (no ring)
rCorr    .         Harm     .   (no ring)
MR       .....                  (no ring)
Stlth    ..........             (no ring)
Regen    0.2/turn               (no ring)
MPRegen  0.1/turn               (no ring)
                                (no ring)
                                (no ring)

@: paralysed, berserking (expiring)
A: almost no armour, stealthy swim, amphibious, 8 rings, constrict 8, camouflage
1, gelatinous body 1
a: Depart the Abyss, Bend Space, Banish, Renounce Religion, Evoke Berserk Rage


You were on level 4 of the Dungeon.
You worshipped Lugonu.
Lugonu was most pleased with you.
You were very hungry.

You visited 1 branch of the dungeon, and saw 4 of its levels.
You visited the Abyss 1 time.

You collected 165 gold pieces.

Inventory:

Hand Weapons
 a - a +2 short sword (weapon)
Jewellery
 i - an amulet of rage (around mantle)
 r - a cursed amulet of inaccuracy {unknown}
Scrolls
 e - a scroll of enchant armour {unknown}
 f - a scroll of recharging
 k - 3 scrolls of remove curse
 l - 4 scrolls of identify
 n - a scroll of blinking {unknown}
 o - a scroll of fear
 t - a scroll of immolation
Potions
 c - 2 potions of heal wounds {unknown}
 d - a potion of berserk rage {unknown}
 h - 2 potions of resistance {unknown}
 p - a potion of flight {unknown}
 q - 2 potions of haste {unknown}
Comestibles
 b - 2 bread rations
 g - 3 royal jellies
 j - 9 fruits


   Skills:
 + Level 4.1 Fighting
 + Level 3.9 Short Blades
 + Level 3.4 Dodging
 + Level 4.5 Stealth
 + Level 2.2 Invocations
 + Level 1.0 Evocations


You had 5 spell levels left.
You didn't know any spells.

Dungeon Overview and Level Annotations

Branches:
Dungeon (4/15)
 Temple: D:4-7

Altars:
Elyvilon
Fedhas
Hepliaklqana
The Shining One

Annotations:
D:4 Grinder


Innate Abilities, Weirdness & Mutations

You cannot wear most types of armour.
You are very stealthy in the water. (Stealth+)
You are amphibious.
You can wear up to eight rings at the same time.
You can use your tentacles to constrict eight enemies at once.
Your skin changes colour to match your surroundings (Stealth+).
Your rubbery body absorbs attacks. (AC +1, EV +1)


Message History

You fail to use your ability.
Grinder hits you!
You writhe in agony.
You closely miss Grinder. You grab Grinder.
Grinder is lightly wounded.
You constrict Grinder, but do no damage.
Grinder hits you!
You writhe in agony.
A red film seems to cover your vision as you go berserk!
You feel yourself moving faster!
You feel mighty!
You are feeling very hungry.
You constrict Grinder. Grinder gestures at you.
You suddenly lose the ability to move!
You lose your grip on Grinder.
Grinder gestures at you. Pain shoots through your body! Grinder hits you!
* * * LOW HITPOINT WARNING * * *
You writhe in agony.
* * * LOW HITPOINT WARNING * * *
Grinder completely misses you. Grinder hits you!
You die...

##.(......##.# #)#
#............# #.#
#...........## #.#
#..........## #.#
...(.......### #.#
.............######.####
.............#....<....#
.........###...........#
..#......# ##...@......#
#........# #...5......#
####....## #..........#
##...# ##........?#
##...# ..........#
#...## #..........#
#...#.## #..........#
#.###..### #######.####
... ##...#


You could see Grinder.

Vanquished Creatures
  A scorpion (D:4)
  2 orc wizards (D:3)
  An iguana (D:4)
  2 worker ants (D:4)
  5 adders
  4 worms
  5 dart slugs
  3 leopard geckos
  8 orcs
  9 bats
  2 giant cockroaches
  10 goblins
  11 hobgoblins
  8 jackals
  4 quokkas
  2 ball pythons (D:3)
  2 frilled lizards
  4 kobolds
  6 rats
89 creatures vanquished.

Notes
Turn   | Place    | Note
-------+----------+-------------------------------------------
     0 | Abyss:1  | Manul the Octopode Abyssal Knight began the quest for the Orb.
     0 | Abyss:1  | Reached XP level 1. HP: 16/16 MP: 2/2
    43 | Abyss:3  | Noticed a starcursed mass
    56 | Abyss:3  | Noticed a purple very ugly thing
    57 | Abyss:3  | Noticed a purple ugly thing
    57 | Abyss:3  | Noticed a purple very ugly thing
    58 | Abyss:3  | Noticed a purple very ugly thing
    58 | Abyss:3  | Noticed a purple very ugly thing
    60 | Abyss:3  | Noticed a purple very ugly thing
    63 | D:1      | Escaped the Abyss
   241 | D:1      | Reached XP level 2. HP: 14/21 MP: 3/3
   247 | D:1      | Reached * piety under Lugonu
   466 | D:1      | Reached XP level 3. HP: 25/26 MP: 4/4
   840 | D:2      | You fall through a shaft!
   868 | D:3      | Reached ** piety under Lugonu
   868 | D:3      | Reached skill level 1 in Stealth
   868 | D:3      | Reached XP level 4. HP: 27/33 MP: 5/5
  1169 | D:2      | Found a blossoming altar of Fedhas.
  1845 | D:2      | Found a hazy altar of Hepliaklqana.
  1917 | D:2      | Found a glowing golden altar of the Shining One.
  2006 | D:3      | Found a white marble altar of Elyvilon.
  2050 | D:3      | Reached XP level 5. HP: 37/37 MP: 6/6
  2694 | D:3      | Reached *** piety under Lugonu
  2821 | D:4      | Reached XP level 6. HP: 24/43 MP: 7/7
  3324 | D:4      | Reached skill level 1 in Evocations
  3819 | D:4      | Noticed Grinder
  3827 | D:4      | Paralysed by Grinder for 6 turns
  3831 | D:4      | Slain by Grinder

Skill      XL: |  1  2  3  4  5  6 |
---------------+-------------------+-----
Stealth        | 1 2 3 4 |  4.5
Short Blades   | 3 |  3.9
Dodging        | 3 |  3.4
Fighting       | 4 |  4.1
Evocations     | 1 |  1.0
Invocations    | |  2.2

Action                   |  1- 3 |  4- 6 || total
-------------------------+-------+-------++-------
Melee: Short sword       |    55 |   135 ||   190
       Constrict         |    18 |    32 ||    50
       Tentacles         |     6 |    24 ||    30
Invok: Depart the Abyss  |     1 |       ||     1
 Abil: Evoke Berserk Rag |       |     5 ||     5
  Use: Scroll            |     2 |     6 ||     8
 Stab: Sleeping          |     7 |    11 ||    18
  Eat: Chunk             |       |    12 ||    12
Armor: Skin              |    12 |     5 ||    17
Dodge: Dodged            |    38 |    69 ||   107
